Cuck, neutral female human Barbarian -------------------------------- |..............................| |.-------+-------------..-----.|# |.| |...|....|..|..|...|.|# |.| |...|... |.....-...|(-### ----------- |.-+------|...|(------|..|...|.|# +.........| |......|..|...|.|..|%%|.-----|.|# |<........| |.----.|..||---.|..|%(|.|....|.|########..........| |.| |.-|--..{..-|-|@.|.-(._.|.| ----------- |.| +.............-|--.|..(.|.| |.| --+--.-----|-..'@..|....|.| |.| |.+ |..|---|-------|.| |.| |.| |!?|....|#.|...|%| #-.| |.---|??|....|..|%..).| |.--+-----..{.---------|------%| |..............................| -------------------------------- Cuck the Bandit Experience level: 7 Strength: 18/01 Dexterity: 16 Constitution: 18 Intelligence: 8 Wisdom: 7 Charisma: 7 Health: 0(69) Energy: 18(18) AC: 3 Gold: 201 Moves: 1396 Your Inventory: Coins $ - 201 gold pieces Weapons a - an uncursed +0 battle-axe (weapon in hands) b - an uncursed +0 short sword (alternate weapon; not wielded) Armor g - an [uncursed] +0 elven mithril-coat (being worn) t - an uncursed +0 dwarvish cloak (being worn) u - an uncursed +0 pair of iron shoes (being worn) Comestibles d - 4 uncursed food rations h - 3 [uncursed] tins [of spinach] p - 2 [uncursed] fortune cookies q - 2 [uncursed] cream pies Scrolls e - a cursed unlabeled scroll [of blank paper] i - an uncursed scroll of light j - an uncursed scroll of stinking cloud o - an uncursed scroll of teleportation Potions k - an uncursed potion of blindness l - an uncursed potion of healing Wands s - an [uncursed] wand of digging [0:3] Tools n - an [uncursed tallow] candle Spells known in the end: Name Level Category Fail Memory Your skills at the end: Fighting Skills bare handed combat [Basic / Master] Weapon Skills axe [Basic / Expert] short sword [Basic / Expert] Spellcasting Skills Final Attributes: You were devoutly aligned. Hunger level was 397. Your alignment was 16 / 16. Monster difficulty range was 1 - 6. Level difficulty was 6. You were immune to poison. You were fast. You were lucky (4). You are dead. Vanquished creatures: 2 gnome kings a werewolf 2 apes a soldier ant 4 snow ants a mountain nymph 3 gnome lords 2 gnomish wizards a dwarf a homunculus a rabid rat 2 monkeys 2 hobbits 2 giant rats 2 cave spiders a brown mold 21 gnomes a jackal a goblin 2 sewer rats 2 grid bugs a lichen 6 newts 62 creatures vanquished. Voluntary challenges: You used a wielded weapon 67 times. You read items or engraved 3 times. You put on armor 5 times. You never genocided any monsters. You never polymorphed an object. You never changed form. You used no wishes. You wrote Elbereth's name 1 time. You never encountered a bones level. You never used any Sokoban shortcuts. Dungeon overview: The Dungeons of Doom: levels 1 to 4 Level 1 a long staircase Level 2 some fountains Level 3 a potion shop, a fountain stairs to The Gnomish Mines The Gnomish Mines: levels 4 to 6 Level 4 stairs to The Dungeons of Doom Level 6 <- You were here some shops, a temple to Crom, a magic chest, some fountains, a sink History has recorded: On T:1 you entered the Dungeons of Doom to retrieve the Amulet of Yendor! On T:95 you reached level 2 of The Dungeons of Doom. On T:396 you advanced to experience level 2. On T:533 you advanced to experience level 3. On T:648 you reached level 3 of The Dungeons of Doom. On T:688 you reached level 1 of The Gnomish Mines. On T:739 you reached level 4 of The Dungeons of Doom. On T:749 you advanced to experience level 4. On T:901 you advanced to experience level 5. On T:977 you reached level 2 of The Gnomish Mines. On T:991 you advanced to experience level 6. On T:1001 you reached level 3 of The Gnomish Mines. On T:1176 you advanced to experience level 7. Latest messages: Your movements are now unencumbered. [HP+1=6] You stop waiting. [HP+1=7] [7 turns] You see here a candle. You kill the rabid rat! You see here a rabid rat corpse. [HP+1=8] B - a rabid rat corpse. The priest of Crom intones: "Pilgrim, you enter a sacred place!" You experience a strange sense of peace. You see here a candle. [HP+1=9] Your sacrifice is consumed in a burst of flame! You glimpse a four-leaf clover at your feet. You see here a candle. [HP+1=10] The rope golem hits! (2x) You die... Siboga looks at your corpse and sighs. Final status: Goodbye Cuck the Barbarian... You died in The Gnomish Mines on dungeon level 6 with 3055 points, and 201 pieces of gold, after 1396 moves. You were level 7 with a maximum of 69 hit points when you died.